 Dungeon Crawl Stone Soup version 0.30-a0-743-gbfdf073431 (webtiles) character file.

Game seed: 16091883853243666246

238 kingofthe the Conjurer (level 6, -5/36 HPs)
             Began as an Octopode Conjurer on Feb 8, 2023.
             Slain by a gnoll
             ... wielding a +0 whip
             ... led by a gnoll bouda
              (10 damage)
             ... on level 4 of the Dungeon.
             The game lasted 00:08:51 (3818 turns).

kingofthe the Conjurer (Octopode Conjurer)          Turns: 3818, Time: 00:08:51

Health: -5/36      AC:  1    Str:  7    XL:     6   Next: 7%
Magic:  1/11       EV: 14    Int: 20    God:
Gold:   129        SH:  0    Dex: 12    Spells: 6/12 levels left

rFire   . . .      SeeInvis .    g - +2 spear (freeze)
rCold   . . .      Faith    .    (no shield)
rNeg    . . .      Spirit   .    (helmet restricted)
rPois   .          Reflect  .    (no amulet)
rElec   .          Harm     .    (no ring)
rCorr   .          Rampage  .    (no ring)
Will    .....                    (no ring)
Stlth   +++                      (no ring)
HPRegen 0.26/turn                (no ring)
MPRegen 0.12/turn                (no ring)
                                 (no ring)
                                 (no ring)

@: no status effects
A: almost no armour, amphibious, 8 rings, camouflage 1, gelatinous body 1,
(nimble swimmer 1), tentacles
a: no special abilities


You were on level 4 of the Dungeon.
You visited 1 branch of the dungeon, and saw 4 of its levels.

You collected 129 gold pieces.

Inventory:

Hand Weapons
 g - a +2 spear of freezing (weapon)
Wands
 o - a wand of flame (9)
Scrolls
 b - 3 scrolls of amnesia {unknown}
 d - 2 scrolls of vulnerability {unknown}
 e - 3 scrolls of identify {unknown}
 f - 5 scrolls of teleportation {unknown}
 h - 2 scrolls of summoning {unknown}
 i - a scroll of acquirement {unknown}
 j - a scroll of magic mapping {unknown}
 k - 2 scrolls of fear {unknown}
 p - a scroll of enchant weapon {unknown}
Potions
 a - a potion of magic
 c - a potion of might {unknown}
 l - a potion of degeneration {unknown}
 m - a potion of curing {unknown}
 n - a potion of haste
 q - a potion of berserk rage {unknown}


   Skills:
 * Level 3.4 Dodging
 + Level 4.3 Stealth
 * Level 3.5 Spellcasting
 + Level 4.7 Conjurations
 + Level 1.1 Hexes


You had 6 spell levels left.
You knew the following spells:

 Your Spells              Type           Power      Damage    Failure   Level
a - Magic Dart            Conj           88%        1d7       1%          1
b - Searing Ray           Conj           44%        2d6       3%          2
c - Dazzling Flash        Conj/Hex       30%        N/A       12%         3

Your spell library contained the following spells:

 Spells                   Type           Power      Damage    Failure   Level
 Cigotuvi's Dreadful Rot  Necr/Pois/Air  6%         N/A       21%         2
 Poisonous Vapours        Pois/Air       6%         N/A       21%         2
 Mephitic Cloud           Conj/Pois/Air  9%         N/A       22%         3
 Fulminant Prism          Conj/Hex       7%         3d7       38%         4
 Iskenderun's Mystic Bla  Conj/Tloc      13%        2d5       45%         4


Dungeon Overview and Level Annotations

Branches:
Dungeon (4/15)             Temple (0/1) D:4

Altars:
Gozag
Wu Jian

Shops:
D:2 ?


Innate Abilities, Weirdness & Mutations

You cannot wear most types of armour.
You are amphibious.
You can wear up to eight rings at the same time.
Your skin changes colour to match your surroundings (Stealth+).
Your rubbery body absorbs attacks. (AC +1, EV +1)
((You are camouflaged when in or above water. (Stealth+)))
You have tentacles for arms and can constrict up to eight enemies at once.


Message History

The gnoll shouts!
The searing ray hits the gnoll.
You kill the gnoll!
The gnoll throws a throwing net.
The throwing net hits you.
You become entangled in the net!
You struggle against the net.
A gnoll comes into view. It is wielding a +0 whip.
You struggle against the net.
You struggle against the net.
You struggle against the net.
You rip the net and break free!
The gnoll barely misses you. The gnoll attacks as you move away!
The gnoll hits you with a +0 club.
An iguana comes into view.
The gnoll attacks as you move away! The gnoll closely misses you.
The iguana hisses angrily.
The gnoll closely misses you.
There is an open door here.
The gnoll attacks as you move away! The gnoll misses you.
The gnoll attacks as you move away! The gnoll hits you with a +0 whip.
The gnoll attacks as you move away! The gnoll hits you with a +0 club.
The gnoll hits you with a +0 whip. The gnoll attacks as you move away!
The gnoll hits you with a +0 club.
You see here 7 stones.
The gnoll attacks as you move away! The gnoll completely misses you.
The gnoll attacks as you move away! The gnoll hits you with a +0 whip.
* * * LOW HITPOINT WARNING * * *
Casting: Searing Ray (safe; 3% risk of failure)
Confirm with . or Enter, or press ? or * to list all spells.
The spell is quite dangerous to miscast (12% risk of failure)!
Continue anyway?
Casting: Dazzling Flash (quite dangerous; 12% risk of failure)
Press: ? - help, Dir - look around, f - activate The gnoll is dazzled.
The gnoll shouts!
The gnoll attacks as you move away! The gnoll hits you with a +0 whip!
* * * LOW HITPOINT WARNING * * *
The gnoll attacks as you move away! The gnoll barely misses you.
The gnoll is no longer blind.
The gnoll attacks as you move away! The gnoll hits you with a +0 whip!
You die...

#...#.##########.....#.....##...#
##..#...##...#.#..>..#.....##...#
.#..###g##.###.#.....#......#....
.#..#...##...#.#.....#'##..##....
.#..#.######.#.#####....#####....
.#..#........#.....#....#........
.#..####..####.....#....#........
##.....#..########'#....##.####.#
#......#..#.g.gg@)[<.#####'######
#.....(....l.........#........#
#....................#........#
'....................#........#
#....................######..##
#.........................####
#.........................#
....#################.....# ....+
#.....#


You could see an iguana and 3 gnolls.

Vanquished Creatures
  A gnoll bouda (D:4)
  Natasha (thrice) (D:3)
  3 gnolls (D:4)
  3 adders
  2 dart slugs
  5 orcs
  2 endoplasms (D:1)
  6 giant cockroaches
  8 goblins
  8 hobgoblins
  4 jackals
  7 kobolds
  2 quokkas
  4 ball pythons
  2 bats
  4 frilled lizards
  6 rats
70 creatures vanquished.

Notes
Turn   | Place    | Note
-------+----------+-------------------------------------------
     0 | D:1      | kingofthe the Octopode Conjurer began the quest for the
                  | Orb.
     0 | D:1      | Reached XP level 1. HP: 11/11 MP: 3/3
   179 | D:1      | Reached XP level 2. HP: 10/17 MP: 0/5
   357 | D:1      | Learned a level 2 spell: Searing Ray
   592 | D:1      | Reached XP level 3. HP: 21/21 MP: 3/6
  1409 | D:2      | Found Omeese's Magic Scroll Boutique.
  1804 | D:2      | Reached XP level 4. HP: 27/27 MP: 3/8
  2160 | D:3      | Learned a level 3 spell: Dazzling Flash
  2406 | D:3      | Noticed Natasha
  2413 | D:3      | Killed Natasha
  2515 | D:3      | Found an ornate altar of the Wu Jian Council.
  2599 | D:3      | Reached XP level 5. HP: 31/31 MP: 4/9
  2740 | D:3      | Found an opulent altar of Gozag.
  2905 | D:3      | Noticed Natasha
  2908 | D:3      | Killed Natasha
  3035 | D:3      | Noticed Natasha
  3095 | D:3      | Killed Natasha
  3627 | D:4      | Reached skill level 1 in Hexes
  3777 | D:4      | Found a staircase to the Ecumenical Temple.
  3782 | D:4      | Reached XP level 6. HP: 36/36 MP: 5/11
  3818 | D:4      | Slain by a gnoll

Illustrated notes

Levels and vault maps discovered:
D:1:      heliophobic_arrival_enchanted_forest, layout_loops_ring
D:2:      layout_rooms, serial_shops, shop
D:3:      layout_loops_cross, lemuel_crystal_altar, nzn_wu_jian_council_hall,
          uniq_natasha
D:4:      layout_gridville, minmay_temple_entry_trees, grunt_decor_arrowhead,
          bh_walls_and_bars

Skill      XL: |  1  2  3  4  5 |
---------------+----------------+-----
Stealth        | 3 4 |  4.3
Spellcasting   | 3 |  3.5
Dodging        | 3 |  3.4
Hexes          | 1 |  1.1
Conjurations   | |  4.7

Action                     |  1- 3 |  4- 6 || total
---------------------------+-------+-------++-------
  Melee: Unarmed           |     5 |       ||     5
         Constrict         |     4 |       ||     4
         Tentacles         |     2 |       ||     2
         Spear             |     4 |     2 ||     6
   Cast: Magic Dart        |    73 |    46 ||   119
         Searing Ray       |     4 |    12 ||    16
         Dazzling Flash    |       |     1 ||     1
  Dodge: Dodged            |     8 |    32 ||    40

Table legend: (Time is in decaauts)
 A = Elapsed time spent in this place.
 B = Non-inter-level travel time spent in this place.
 C = Inter-level travel time spent in this place.
 D = Time resting spent in this place.
 E = Time spent auto-exploring this place.
 F = Levels seen in this place.
 G = Mean time per level.
                   A        B        C        D        E       F      G
               +--------+--------+--------+--------+--------+-----+--------+
         Total |   3823 |   3567 |    256 |    478 |   2635 |   4 |  955.8 |
       Dungeon |   3823 |   3567 |    256 |    478 |   2635 |   4 |  955.8 |
               +--------+--------+--------+--------+--------+-----+--------+

Top non-repeatable levels by time:
     D:1: 1427 daAuts
     D:3: 1218 daAuts
     D:2: 723 daAuts
     D:4: 453 daAuts
